AoeStats
← tyler

Arabia

508915445Analyzed
2v2 RM · 9d ago on Sep 24, 2026· 45m 33s· 4 players
Game mode
Random Map
Map size
Medium (4 player)
Population
200
Speed
Normal
Resources
Standard
Victory
Conquest
Starting age
Dark Age
Ending age
Imperial Age
RankedLock teamsTeams togetherTeam positionsShared explorationLock speedFull tech treeHidden civsTurbo modeCheats
Victory
Defeat
🇦🇷 Maya · Argentina
953
+16
🇨🇱 Franks · Chile
906
+51
🇹🇼 Britons · Taiwan
951
-49
🇹🇼 Sicilians · Taiwan
951
-49
西明進洞
11:09 Feudal Age
19:19 Castle Age
17:23 Horse Collar
17:33 Double-Bit Axe
22:06 Pikeman
22:40 Fletching
22:54 Heavy Plow
23:07 Bow Saw
26:08 Gold Mining
26:40 Stone Mining
28:37 Gold Shaft Mining
28:54 Wheelbarrow
28:28 Bodkin Arrow
30:48 Murder Holes
31:12 Squires
33:10 Yeomen
33:15 Hand Cart
33:50 Padded Archer Armor
39:13 Imperial Age
37:04 Leather Archer Armor
39:00 Scale Mail Armor
44:31 Bracer
tyler
13:19 Feudal Age
14:03 Man-at-Arms
19:05 Scale Mail Armor
23:20 Horse Collar
26:58 Wheelbarrow
26:11 Double-Bit Axe
33:48 Forging
ponpikonip
10:05 Feudal Age
10:45 Double-Bit Axe
24:16 Castle Age
24:24 Forging
25:45 Iron Casting
24:36 Light Cavalry
25:59 Wheelbarrow
25:37 Bow Saw
26:21 Husbandry
38:45 Scale Barding Armor
43:19 Gold Mining
48:09 Imperial Age
CrashBash
5:13 Loom
10:57 Feudal Age
20:35 Fletching
21:34 Horse Collar
22:29 Padded Archer Armor
25:13 Wheelbarrow
27:43 Castle Age
26:30 Gold Mining
28:42 Bodkin Arrow
28:55 Crossbowman
30:03 Double-Bit Axe
31:10 Ballistics
30:34 Treadmill Crane
31:21 Murder Holes
33:58 Fervor
34:51 Hand Cart
34:48 Thumb Ring
36:44 Leather Archer Armor
37:59 Caravan
44:45 Imperial Age
44:26 Heavy Plow
44:41 Bow Saw
44:25 Stone Mining
44:56 Town Watch
44:53 Arbalester
46:07 Ring Archer Armor
45:37 Bracer
Connection lost

Rejoining the realm…

Still unreachable

The connection could not be restored.

Session expired

The server has moved on; the page needs a fresh start.